 Dungeon Sprint DCSS version 0.30.1-5-ged363bc7ee (webtiles) character file.

Game seed: 14153270915548639376

2824 Heoruswealwe the Cleaver (level 9, 0/93 HPs)
             Began as a Hill Orc Fighter on Sept 19, 2023.
             Was the Champion of the Shining One.
             Succumbed to a merfolk javelineer's poison
             ... in the Dungeon (Sprint VII: "The Pits").
             The game lasted 00:09:04 (900 turns).

Heoruswealwe the Cleaver (Hill Orc Fighter)          Turns: 900, Time: 00:09:07

Health: 0/93       AC: 18    Str: 23    XL:     9   Next: 73%
Magic:  9/9        EV:  7    Int:  8    God:    the Shining One [******]
Gold:   0          SH:  7    Dex: 10    Spells: 8/8 levels left

rFire   . . .        a - +2 war axe (freeze)
rCold   . . .        d - +0 buckler
rNeg    + + +        c - +3 plate armour
rPois   .            (no helmet)
rElec   .            (no cloak)
rCorr   .            (no gloves)
SInv    .            (no boots)
Will    .....        (no amulet) Stlth
                     (no ring)
HPRegen 0.35/turn    (no ring)
MPRegen 0.11/turn

%: no teleportation
@: mighty, lethally poisoned (0 -> -5), on berserk cooldown, hasted and slowed,
glowing
A: no striking features
a: Renounce Religion, Divine Shield, Cleansing Flame, Summon Divine Warrior,
Brand Weapon With Holy Wrath


You were in the Dungeon.
You worshipped the Shining One.
The Shining One was exalted by your worship.
You visited 1 branch

Inventory:

Hand Weapons
 a - a +2 war axe of freezing (weapon)
Armour
 c - a +3 plate armour (worn)
 d - a +0 buckler (worn)
Scrolls
 j - a scroll of blinking
Potions
 b - 2 potions of might
 e - 7 potions of curing
 f - 4 potions of heal wounds
 g - a potion of haste
 i - 4 potions of berserk rage


   Skills:
 + Level 13.6 Fighting
 + Level 14.4 Axes
 + Level 12.5 Armour
 + Level 12.5 Shields


You had 8 spell levels left.
You didn't know any spells.
Your spell library was empty.

Dungeon Overview and Level Annotations

Branches:
Dungeon (1/1)

Altars:
Ashenzari
Cheibriados
Dithmenos
Elyvilon
Fedhas
Gozag
Hepliaklqana
Kikubaaqudgha
Makhleb
Nemelex Xobeh
Okawaru
Qazlal
Ru
Sif Muna
Trog
Uskayaw
Vehumet
Wu Jian
Xom
Yredelemnul
Zin
The Shining One
Beogh
Jiyva
Lugonu


Message History

The silver javelin pierces through you.
* * * LOW HITPOINT WARNING * * *
x2
There is an open door, spattered with blood here.
Items here: )) [ †.
You barely miss the merfolk javelineer. You slash the merfolk!
You freeze the merfolk.
You feel sick. The merfolk hits you with a +0 trident!
* * * LOW HITPOINT WARNING * * *
You slash the merfolk javelineer! You freeze the merfolk javelineer.
The merfolk javelineer is moderately wounded.
You hit the merfolk but do no damage.
You feel sick.
The merfolk javelineer throws a silver javelin.
The silver javelin pierces through you but does no damage.
* * * LOW HITPOINT WARNING * * *
You slash the merfolk javelineer! You freeze the merfolk javelineer.
The merfolk javelineer is moderately wounded.
You slash the merfolk! You freeze the merfolk.
You feel sick. The merfolk hits you with a +0 trident!
* * * LOW HITPOINT WARNING * * *
You barely miss the merfolk javelineer.
The merfolk javelineer is moderately wounded.
You slash the merfolk! You freeze the merfolk.
* * * LOW HITPOINT WARNING * * *
You feel sick.
The merfolk javelineer throws a silver javelin.
The silver javelin pierces through you! The Shining One protects you from harm!
* * * LOW HITPOINT WARNING * * *
You slash the merfolk javelineer! You freeze the merfolk javelineer.
The merfolk javelineer is heavily wounded.
You slash the merfolk! You freeze the merfolk.
* * * LOW HITPOINT WARNING * * *
You feel sick. The merfolk barely misses you.
You slice the merfolk javelineer!! You freeze the merfolk javelineer!
The merfolk javelineer is almost dead.
You slash the merfolk! You freeze the merfolk.
You kill the merfolk!
You are no longer berserk.
You are exhausted.
You feel yourself slow down.
You die...

######################
#....................+
#....................+
#..###@############..# #..##m#)#
#..# #..#z# #E# #..# #..## #p#
#..# #..# #m# #..# #..# #h# #..#
#..################..#
###########....................#
________.##....................#


You could see a merfolk javelineer, a hell knight (fast), a skeletal warrior, a
merfolk, a fire elemental and a wolf.

Vanquished Creatures
  A death yak (D)
  A hell knight (D)
  A skeletal warrior (D)
  Pikel (D)
  A merfolk (D)
  A water elemental (D)
  A fire bat (D)
  A floating eye (D)
  A centaur (D)
  A lemure (D)
  A gnoll sergeant (D)
  An iguana (D)
  An iron imp (D)
  6 gnolls (D)
  2 adders (D)
  2 river rats (D)
  An ufetubus (D)
  3 bats (D)
  2 endoplasms (D)
  A goblin (D)
  A frilled lizard (D)
31 creatures vanquished.

Notes
Turn   | Place    | Note
-------+----------+-------------------------------------------
     0 | D        | Heoruswealwe the Hill Orc Fighter began the quest for the
                  | Orb.
     0 | D        | Reached XP level 1. HP: 19/19 MP: 1/1
    33 | D        | Reached skill level 3 in Axes
    33 | D        | Reached XP level 2. HP: 20/28 MP: 2/2
    62 | D        | Found a bloodstained altar of Trog.
    62 | D        | Found a shimmering blue altar of Sif Muna.
    62 | D        | Found a viscous altar of Jiyva.
    62 | D        | Found a hazy altar of Hepliaklqana.
    62 | D        | Found an opulent altar of Gozag.
    63 | D        | Found a glowing golden altar of the Shining One.
    63 | D        | Found a glowing silver altar of Zin.
    63 | D        | Found a basalt altar of Yredelemnul.
    63 | D        | Found a shimmering altar of Xom.
    63 | D        | Found an ornate altar of the Wu Jian Council.
    63 | D        | Found a sacrificial altar of Ru.
    63 | D        | Found a stormy altar of Qazlal.
    63 | D        | Found an iron altar of Okawaru.
    63 | D        | Found a sparkling altar of Nemelex Xobeh.
    63 | D        | Found a burning altar of Makhleb.
    63 | D        | Found a blossoming altar of Fedhas.
    63 | D        | Found a white marble altar of Elyvilon.
    63 | D        | Found a shadowy altar of Dithmenos.
    63 | D        | Found a snail-covered altar of Cheibriados.
    64 | D        | Found a radiant altar of Vehumet.
    64 | D        | Found a corrupted altar of Lugonu.
    64 | D        | Found a roughly hewn altar of Beogh.
    65 | D        | Found a hide-covered altar of Uskayaw.
    65 | D        | Found an ancient bone altar of Kikubaaqudgha.
    65 | D        | Found a broken altar of Ashenzari.
    67 | D        | Became a worshipper of the Shining One
    82 | D        | Reached skill level 4 in Axes
    87 | D        | Reached skill level 5 in Fighting
    87 | D        | Reached XP level 3. HP: 28/36 MP: 3/3
   129 | D        | Reached skill level 5 in Axes
   129 | D        | Reached * piety under the Shining One
   143 | D        | Reached ** piety under the Shining One
   149 | D        | Reached skill level 5 in Armour
   149 | D        | Reached skill level 5 in Shields
   151 | D        | Reached XP level 4. HP: 23/44 MP: 4/4
   285 | D        | Noticed a gnoll sergeant
   293 | D        | Reached *** piety under the Shining One
   294 | D        | Reached skill level 6 in Axes
   302 | D        | Killed a gnoll sergeant
   303 | D        | Reached skill level 7 in Axes
   303 | D        | Reached XP level 5. HP: 34/52 MP: 5/5
   308 | D        | Noticed a floating eye
   311 | D        | Paralysed by a floating eye for 2 turns
   314 | D        | Killed a floating eye
   315 | D        | Reached skill level 8 in Axes
   315 | D        | Reached XP level 6. HP: 39/62 MP: 6/6
   318 | D        | Reached skill level 9 in Axes
   319 | D        | Noticed a fire bat
   319 | D        | Reached **** piety under the Shining One
   333 | D        | Killed a fire bat
   334 | D        | Reached XP level 7. HP: 48/70 MP: 7/7
   410 | D        | Reached skill level 10 in Axes
   412 | D        | Noticed a water elemental
   422 | D        | Killed a water elemental
   423 | D        | Reached skill level 10 in Fighting
   555 | D        | Noticed Pikel
   577 | D        | Killed Pikel
   578 | D        | Reached skill level 11 in Axes
   578 | D        | Reached skill level 10 in Armour
   578 | D        | Reached skill level 10 in Shields
   578 | D        | Reached XP level 8. HP: 50/82 MP: 8/8
   675 | D        | Noticed a death yak
   688 | D        | Killed a death yak
   689 | D        | Reached skill level 13 in Axes
   689 | D        | Reached XP level 9. HP: 90/90 MP: 9/9
   874 | D        | Noticed a skeletal warrior
   874 | D        | Reached ***** piety under the Shining One
   874 | D        | Noticed a skeletal warrior
   874 | D        | Noticed a merfolk
   874 | D        | Noticed a hell knight
   874 | D        | Noticed a hell knight
   874 | D        | Noticed a hell knight
   878 | D        | Noticed a merfolk javelineer
   885 | D        | Killed a skeletal warrior
   893 | D        | Killed a hell knight
   893 | D        | Reached ****** piety under the Shining One
   894 | D        | Reached skill level 14 in Axes
   894 | D        | Noticed a merfolk
   897 | D        | HP: 4/139 [merfolk/+0 trident[a merfolk javelineer] (13)]
   898 | D        | The Shining One protects you from harm!
   899 | D        | HP: 1/139 [poisoned by a merfolk javelineer]
   900 | D        | Killed a merfolk
   900 | D        | Succumbed to a merfolk javelineer's poison

Illustrated notes

Levels and vault maps discovered:
D:        pitsprint [storerooms_1, entrance_room_1, metal_vault_2, armoury_1,
          mini_pit_1, grid_room_1, main_hall_1, silver_pit, the_coven_1,
          the_vestibule_1, steel_vault_1, golden_pit, hallway_of_sentries,
          crystal_vault_2, iron_vault_3, final_vault]

Skill      XL: |  1  2  3  4  5  6  7  8  9 |
---------------+----------------------------+-----
Fighting       | 4 5 6 7 8 9 11 12 13 | 13.6
Axes           | 3 4 5 7 8 9 11 13 14 | 14.4
Armour         | 4 5 6 7 8 10 11 12 | 12.5
Shields        | 4 5 6 7 8 10 11 12 | 12.5

Action                     |  1- 3 |  4- 6 |  7- 9 || total
---------------------------+-------+-------+-------++-------
  Melee: War axe           |    31 |    33 |    78 ||   142
    Use: Potion            |       |     1 |     6 ||     7
 Armour: Scale mail        |    24 |       |       ||    24
         Chain mail        |       |    13 |    24 ||    37
         Plate armour      |       |       |     5 ||     5
  Dodge: Dodged            |    14 |     8 |    12 ||    34
  Block: Buckler           |     9 |     6 |    16 ||    31
